TOP OF THE 1ST |
Barry's Bay Orioles batting - Pitching for Minnesota Death Stars : RHP Roy Jordan
|
Pitching: RHP Roy Jordan
|
|
Batting: RHB Jason Ward
|
0-0: Called Strike 0-1: Ball 1-1: Ball 2-1: Foul Ball, location: 2F 2-2: Strikes out swinging
|
Batting: RHB Bill Pike
|
0-0: Ball 1-0: Fly out, F8 (Flyball, 78M)
|
Batting: SHB Garrett Waller
|
0-0: Called Strike 0-1: Called Strike 0-2: Foul Ball, location: 2F 0-2: Foul Ball, location: 2F 0-2: Ball 1-2: Strikes out looking
|
Top of the 1st over - 0 run(s), 0 hit(s), 0 error(s), 0 left on base; Barry's Bay 0 - Minnesota 0 |
BOTTOM OF THE 1ST |
Minnesota Death Stars batting - Pitching for Barry's Bay Orioles : RHP Félix González
|
Pitching: RHP Félix González
|
|
Batting: RHB José Chávez
|
0-0: Ball 1-0: Ground out 6-3 (Groundball, 6)
|
Batting: RHB Sean White
|
0-0: Ball 1-0: Ball 2-0: Ball 3-0: Called Strike 3-1: Foul Ball, location: 2F 3-2: SINGLE (Groundball, 6) (infield hit)
|
Batting: RHB William Robinson
|
0-0: Called Strike 0-1: Foul Ball, location: 2F 0-2: Ball 1-2: Ball 2-2: SINGLE (Groundball, 34D) Sean White to second Runner from 2nd tries for 3rd, SAFE, throw made to third
|
Batting: RHB Alfredo Villegas
|
0-0: Foul Ball, location: 2F 0-1: Called Strike 0-2: Ball 1-2: Ball 2-2: Fielders Choice at 2nd, 5-4 (Groundball, 56) Sean White scores
|
Batting: LHB Emílio Montoya
|
0-0: Ball Alfredo Villegas steals 2nd base 1-0: DOUBLE (Flyball, 8LD) Alfredo Villegas scores
|
Batting: LHB Shannon Hunter
|
0-0: Swinging Strike 0-1: Foul Ball, location: 2F 0-2: Ball 1-2: Strikes out swinging
|
Bottom of the 1st over - 2 run(s), 3 hit(s), 0 error(s), 1 left on base; Barry's Bay 0 - Minnesota 2 |
TOP OF THE 2ND |
Barry's Bay Orioles batting - Pitching for Minnesota Death Stars : RHP Roy Jordan
|
Batting: RHB Troy González
|
0-0: Called Strike 0-1: SOLO HOME RUN (Flyball, 78XD), Distance : 392 ft
|
Batting: SHB Terry Christian
|
0-0: Ball 1-0: Swinging Strike 1-1: Ball 2-1: Foul Ball, location: 2F 2-2: Strikes out swinging
|
Batting: LHB T.J. Richardson
|
0-0: Ball 1-0: Ground out 4-3 (Groundball, 4)
|
Batting: RHB Octávio Aldeguer
|
0-0: Called Strike 0-1: Ball 1-1: Ball 2-1: Foul Ball, location: 2F 2-2: Ball 3-2: SINGLE (Groundball, 15S) (infield hit)
|
Batting: RHB Jake Erickson
|
0-0: Called Strike 0-1: Called Strike 0-2: Strikes out swinging
|
Top of the 2nd over - 1 run(s), 2 hit(s), 0 error(s), 1 left on base; Barry's Bay 1 - Minnesota 2 |
BOTTOM OF THE 2ND |
Minnesota Death Stars batting - Pitching for Barry's Bay Orioles : RHP Félix González
|
Batting: RHB Manuel Cintrón
|
0-0: SINGLE (Line Drive, 4M)
|
Batting: RHB Alfonso Reyes
|
0-0: Called Strike 0-1: Ball 1-1: Ball 2-1: Ball 3-1: Base on Balls Manuel Cintrón to second
|
Batting: SHB Manuel Jiménez
|
0-0: Ball 1-0: Called Strike 1-1: Ball 2-1: Ball 3-1: Fly out, F5 (Line Drive, 56)
|
Batting: RHB José Chávez
|
0-0: Foul Ball, location: 2F 0-1: Foul Ball, location: 2F 0-2: Foul Ball, location: 2F 0-2: Ball 1-2: Ball 2-2: Foul Ball, location: 2F 2-2: Ball 3-2: Strikes out swinging
|
Batting: RHB Sean White
|
0-0: Ball 1-0: Ball 2-0: Ball 3-0: Base on Balls Manuel Cintrón to third Alfonso Reyes to second
|
Batting: RHB William Robinson
|
0-0: Ball 1-0: SINGLE (Line Drive, 78M) Manuel Cintrón scores Alfonso Reyes to third Sean White to second
|
Batting: RHB Alfredo Villegas
|
0-0: Fielders Choice at 2nd, 6-4 (Groundball, 6)
|
Bottom of the 2nd over - 1 run(s), 2 hit(s), 0 error(s), 2 left on base; Barry's Bay 1 - Minnesota 3 |
TOP OF THE 3RD |
Barry's Bay Orioles batting - Pitching for Minnesota Death Stars : RHP Roy Jordan
|
Batting: LHB Joe Vásquez
|
0-0: Called Strike 0-1: Swinging Strike 0-2: Strikes out swinging
|
Batting: RHB Jason Ward
|
0-0: Called Strike 0-1: Ball 1-1: Foul Ball, location: 2F 1-2: Ball 2-2: Ball 3-2: Base on Balls
|
Batting: RHB Bill Pike
|
0-0: Foul Ball, location: 2F 0-1: Ball 1-1: Ball 2-1: Grounds into double play, 6-4-3 (Groundball, 6M)
|
Top of the 3rd over - 0 run(s), 0 hit(s), 0 error(s), 0 left on base; Barry's Bay 1 - Minnesota 3 |
BOTTOM OF THE 3RD |
Minnesota Death Stars batting - Pitching for Barry's Bay Orioles : RHP Félix González
|
Batting: LHB Emílio Montoya
|
0-0: Foul Ball, location: 2F 0-1: Fly out, F9 (Flyball, 9)
|
Batting: LHB Shannon Hunter
|
0-0: Ball 1-0: Fly out, F9 (Flyball, 9LM)
|
Batting: RHB Manuel Cintrón
|
0-0: Called Strike 0-1: Foul Ball, location: 2F 0-2: Ball 1-2: Strikes out swinging
|
Bottom of the 3rd over - 0 run(s), 0 hit(s), 0 error(s), 0 left on base; Barry's Bay 1 - Minnesota 3 |
TOP OF THE 4TH |
Barry's Bay Orioles batting - Pitching for Minnesota Death Stars : RHP Roy Jordan
|
Batting: SHB Garrett Waller
|
0-0: Fly out, F9 (Flyball, 89M)
|
Batting: RHB Troy González
|
0-0: Called Strike 0-1: Ground out 3-1 (Groundball, 34)
|
Batting: SHB Terry Christian
|
0-0: Called Strike 0-1: Ground out 3-1 (Groundball, 34)
|
Top of the 4th over - 0 run(s), 0 hit(s), 0 error(s), 0 left on base; Barry's Bay 1 - Minnesota 3 |
BOTTOM OF THE 4TH |
Minnesota Death Stars batting - Pitching for Barry's Bay Orioles : RHP Félix González
|
Batting: RHB Alfonso Reyes
|
0-0: Foul Ball, location: 2F 0-1: Foul Ball, location: 2F 0-2: Ball 1-2: Ball 2-2: Strikes out looking
|
Batting: SHB Manuel Jiménez
|
0-0: SINGLE (Groundball, 4D)
|
Batting: RHB José Chávez
|
0-0: Ball 1-0: Ball 2-0: Ball 3-0: Called Strike 3-1: Swinging Strike 3-2: Fly out, F9 (Line Drive, 9)
|
Pitching: RHP Aaron Williams
|
|
Batting: RHB Sean White
|
0-0: Foul Ball, location: 2F 0-1: Ball 1-1: Ball Manuel Jiménez is caught stealing 2nd base
|
Bottom of the 4th over - 0 run(s), 1 hit(s), 0 error(s), 0 left on base; Barry's Bay 1 - Minnesota 3 |
TOP OF THE 5TH |
Barry's Bay Orioles batting - Pitching for Minnesota Death Stars : RHP Roy Jordan
|
Batting: LHB T.J. Richardson
|
0-0: Swinging Strike 0-1: Swinging Strike 0-2: Foul Ball, location: 2F 0-2: Ball 1-2: Foul Ball, location: 2F 1-2: Strikes out looking
|
Batting: RHB Octávio Aldeguer
|
0-0: Foul Ball, location: 2F 0-1: SINGLE (Groundball, 4MD)
|
Batting: RHB Jake Erickson
|
0-0: Called Strike 0-1: Foul Ball, location: 2F 0-2: Grounds into double play, 5-4-3 (Groundball, 56)
|
Top of the 5th over - 0 run(s), 1 hit(s), 0 error(s), 0 left on base; Barry's Bay 1 - Minnesota 3 |
BOTTOM OF THE 5TH |
Minnesota Death Stars batting - Pitching for Barry's Bay Orioles : RHP Aaron Williams
|
Batting: RHB Sean White
|
0-0: Bunt missed! 0-1: Ball 1-1: Ground out 4-3 (Groundball, 4S)
|
Batting: RHB William Robinson
|
0-0: Ground out 1-3 (Groundball, 13)
|
Batting: RHB Alfredo Villegas
|
0-0: Ball 1-0: Called Strike 1-1: Swinging Strike 1-2: Strikes out looking
|
Bottom of the 5th over - 0 run(s), 0 hit(s), 0 error(s), 0 left on base; Barry's Bay 1 - Minnesota 3 |
TOP OF THE 6TH |
Barry's Bay Orioles batting - Pitching for Minnesota Death Stars : RHP Roy Jordan
|
Batting: LHB Joe Vásquez
|
0-0: Ball 1-0: Ball 2-0: Called Strike 2-1: Foul Ball, location: 2F 2-2: Ball 3-2: Base on Balls
|
Batting: RHB Jason Ward
|
0-0: Called Strike 0-1: Swinging Strike 0-2: Strikes out looking
|
Batting: RHB Bill Pike
|
0-0: Swinging Strike 0-1: SINGLE (Groundball, 6MD) Joe Vásquez to second
|
Batting: SHB Garrett Waller
|
0-0: Foul Ball, location: 2F 0-1: Ball 1-1: Foul Ball, location: 2F 1-2: Strikes out looking
|
Batting: RHB Troy González
|
0-0: Swinging Strike 0-1: Ball 1-1: Swinging Strike 1-2: Foul Ball, location: 2F 1-2: Foul Ball, location: 2F 1-2: Ball 2-2: Ball 3-2: Strikes out swinging
|
Top of the 6th over - 0 run(s), 1 hit(s), 0 error(s), 2 left on base; Barry's Bay 1 - Minnesota 3 |
BOTTOM OF THE 6TH |
Minnesota Death Stars batting - Pitching for Barry's Bay Orioles : RHP Aaron Williams
|
Batting: LHB Emílio Montoya
|
0-0: Called Strike 0-1: Ball 1-1: Called Strike 1-2: Foul Ball, location: 2F 1-2: Ball 2-2: Strikes out looking
|
Batting: LHB Shannon Hunter
|
0-0: Called Strike 0-1: Fly out, F9 (Flyball, 9LSF)
|
Batting: RHB Manuel Cintrón
|
0-0: Called Strike 0-1: Foul Ball, location: 2F 0-2: Ball 1-2: Ball 2-2: Foul Ball, location: 2F 2-2: DOUBLE (Line Drive, 78M)
|
Batting: RHB Alfonso Reyes
|
0-0: Ball 1-0: Foul Ball, location: 2F 1-1: Ball 2-1: Swinging Strike 2-2: Fly out, F7 (Flyball, 78D)
|
Bottom of the 6th over - 0 run(s), 1 hit(s), 0 error(s), 1 left on base; Barry's Bay 1 - Minnesota 3 |
TOP OF THE 7TH |
Barry's Bay Orioles batting - Pitching for Minnesota Death Stars : RHP Roy Jordan
|
Pitching: RHP Alfredo Cabral
|
|
Batting: SHB Terry Christian
|
0-0: Ball 1-0: Ball 2-0: Ball 3-0: Base on Balls
|
Pitching: LHP Kurt Brown
|
|
Batting: LHB T.J. Richardson
|
0-0: Ball 1-0: Sac Bunt - play at first, batter OUT! 1-4 Terry Christian to second
|
Pitching: RHP Alfredo Ayala
|
|
Batting: RHB Octávio Aldeguer
|
0-0: Swinging Strike 0-1: Ball Terry Christian steals 3rd base 1-1: Foul Ball, location: 2F 1-2: Strikes out swinging
|
Batting: RHB Jake Erickson
|
0-0: Ball 1-0: Foul Ball, location: 2F 1-1: Ball 2-1: Called Strike 2-2: Ball 3-2: Base on Balls
|
Batting: LHB Joe Vásquez
|
0-0: Ball 1-0: Foul Ball, location: 2F 1-1: Foul Ball, location: 2F 1-2: Foul Ball, location: 2F 1-2: Foul Ball, location: 2F 1-2: Ball Wild Pitch! Terry Christian scores Jake Erickson to second 2-2: Foul Ball, location: 2F 2-2: 2-RUN HOME RUN (Flyball, 9D), Distance : 387 ft
|
Batting: RHB Jason Ward
|
0-0: Called Strike 0-1: Swinging Strike 0-2: Ball 1-2: Strikes out swinging
|
Top of the 7th over - 3 run(s), 1 hit(s), 0 error(s), 0 left on base; Barry's Bay 4 - Minnesota 3 |
BOTTOM OF THE 7TH |
Minnesota Death Stars batting - Pitching for Barry's Bay Orioles : RHP Aaron Williams
|
Batting: SHB Manuel Jiménez
|
0-0: Ball 1-0: Ball 2-0: Foul Ball, location: 2F 2-1: Ball 3-1: Foul Ball, location: 2F 3-2: Foul Ball, location: 2F 3-2: Foul Ball, location: 2F 3-2: Base on Balls
|
Batting: RHB José Chávez
|
0-0: Fielders Choice at 2nd, 6-4 (Groundball, 6)
|
Batting: RHB Sean White
|
0-0: Called Strike José Chávez steals 2nd base 0-1: Swinging Strike 0-2: Strikes out swinging
|
Pinch Hitting: RHB Earl Godwin
|
0-0: Ball 1-0: Called Strike 1-1: Ball 2-1: Ground out 4-3 (Groundball, 4S)
|
Bottom of the 7th over - 0 run(s), 0 hit(s), 0 error(s), 1 left on base; Barry's Bay 4 - Minnesota 3 |
TOP OF THE 8TH |
Barry's Bay Orioles batting - Pitching for Minnesota Death Stars : RHP Alfredo Ayala
|
Now at SS: Earl Godwin
|
|
Batting: RHB Bill Pike
|
0-0: Called Strike 0-1: Foul Ball, location: 2F 0-2: Ball 1-2: Ball 2-2: Foul Ball, location: 2F 2-2: SOLO HOME RUN (Flyball, 7LD), Distance : 358 ft
|
Pitching: RHP Junior Pineault
|
|
Batting: SHB Garrett Waller
|
0-0: Foul Ball, location: 2F 0-1: Called Strike 0-2: Ball 1-2: Ball 2-2: Strikes out swinging
|
Batting: RHB Troy González
|
0-0: Ball 1-0: Ball 2-0: Called Strike 2-1: Foul Ball, location: 2F 2-2: Ball 3-2: Foul Ball, location: 2F 3-2: Strikes out swinging
|
Batting: SHB Terry Christian
|
0-0: Ball 1-0: Called Strike 1-1: Ball 2-1: Ball 3-1: Foul Ball, location: 2F 3-2: Strikes out swinging
|
Top of the 8th over - 1 run(s), 1 hit(s), 0 error(s), 0 left on base; Barry's Bay 5 - Minnesota 3 |
BOTTOM OF THE 8TH |
Minnesota Death Stars batting - Pitching for Barry's Bay Orioles : RHP Aaron Williams
|
Batting: RHB Alfredo Villegas
|
0-0: Foul Ball, location: 2F 0-1: Swinging Strike 0-2: Foul Ball, location: 2F 0-2: Ball 1-2: Ground out 5-3 (Groundball, 5)
|
Batting: LHB Emílio Montoya
|
0-0: Ball 1-0: DOUBLE (Line Drive, 7LS)
|
Pitching: LHP Roberto Galaz
|
|
Batting: LHB Shannon Hunter
|
0-0: Ball 1-0: Ball 2-0: SINGLE (Groundball, 34D) Emílio Montoya to third Runner from 3rd tries for Home, SAFE, no throw
|
Pitching: RHP José García
|
|
Batting: RHB Manuel Cintrón
|
0-0: Called Strike 0-1: Ball 1-1: Called Strike 1-2: Foul Ball, location: 2F 1-2: Strikes out swinging
|
Pitching: RHP Rosendo Alonso
|
|
Batting: RHB Alfonso Reyes
|
0-0: Fielders Choice at 2nd, 6-4 (Groundball, 6)
|
Bottom of the 8th over - 1 run(s), 2 hit(s), 0 error(s), 0 left on base; Barry's Bay 5 - Minnesota 4 |
TOP OF THE 9TH |
Barry's Bay Orioles batting - Pitching for Minnesota Death Stars : RHP Junior Pineault
|
Pitching: RHP Raymond Gibbons
|
|
Batting: LHB T.J. Richardson
|
0-0: Ball 1-0: Ball 2-0: Ball 3-0: Base on Balls
|
Pinch Hitting: LHB Ryan Rheaume
|
0-0: Ball 1-0: Sac Bunt - play at first, batter OUT! 5-4 T.J. Richardson to second
|
Batting: RHB Jake Erickson
|
0-0: Called Strike 0-1: Ball 1-1: Ball 2-1: Foul Ball, location: 2F 2-2: Strikes out swinging
|
Batting: LHB Joe Vásquez
|
0-0: Ball 1-0: Ball 2-0: Ball 3-0: Base on Balls
|
Batting: RHB Jason Ward
|
0-0: Ball 1-0: Ball 2-0: Ball 3-0: Called Strike 3-1: Called Strike 3-2: Foul Ball, location: 2F 3-2: Fly out, F7 (Flyball, 7LS)
|
Top of the 9th over - 0 run(s), 0 hit(s), 0 error(s), 2 left on base; Barry's Bay 5 - Minnesota 4 |
BOTTOM OF THE 9TH |
Minnesota Death Stars batting - Pitching for Barry's Bay Orioles : RHP Rosendo Alonso
|
Pitching: RHP Richard Manley
|
|
Now at 2B: Ryan Rheaume
|
|
Pinch Hitting: LHB Tim Griffith
|
0-0: Called Strike 0-1: Called Strike 0-2: Strikes out swinging
|
Batting: RHB José Chávez
|
0-0: Called Strike 0-1: Foul Ball, location: 2F 0-2: Ball 1-2: Ball 2-2: Strikes out swinging
|
Batting: RHB Sean White
|
0-0: Ball 1-0: Ball 2-0: Ball 3-0: Called Strike 3-1: Swinging Strike 3-2: Strikes out swinging
|
Bottom of the 9th over - 0 run(s), 0 hit(s), 0 error(s), 0 left on base; Barry's Bay 5 - Minnesota 4 |
|